 Dungeon Crawl Stone Soup version 0.21.0-3-g78d12a8 (webtiles) character file.

208 Suckerboh the Cudgeler (level 5, 0/32 HPs)
             Began as a Gargoyle Gladiator on Jan 10, 2018.
             Slain by a ball python (1 damage)
             ... on level 5 of the Dungeon.
             The game lasted 00:04:23 (3442 turns).

Suckerboh the Cudgeler (Gargoyle Gladiator)         Turns: 3442, Time: 00:04:24

Health: 0/32       AC:  9    Str: 17    XL:     5   Next: 86%
Magic:  5/5        EV:  9    Int:  9    God:
Gold:   150        SH:  3    Dex: 12    Spells: 4/4 levels left

rFire    . . .     SeeInvis .   a - +0 flail
rCold    . . .     Gourm    .   s - +0 buckler
rNeg     + . .     Faith    .   b - +0 leather armour
rPois    ∞         Spirit   .   c - +0 helmet
rElec    +         Reflect  .   l - +0 cloak
rCorr    .         Harm     .   (no gloves)
MR       .....                  (no boots)
Stlth    +.........             (no amulet)
HPRegen  0.10/turn              (no ring)
MPRegen  0.09/turn              (no ring)

@: constricted
A: negative energy resistance 1, electricity resistance, unbreathing,
petrification resistance, rot immunity, AC +4
a: no special abilities


You were on level 5 of the Dungeon.
You were not hungry.

You visited 1 branch of the dungeon, and saw 5 of its levels.

You collected 150 gold pieces.

Inventory:

Hand Weapons
 a - a +0 flail (weapon)
Missiles
 d - 3 throwing nets (quivered)
Armour
 b - a +0 leather armour (worn)
 c - a +0 helmet (worn)
 l - a +0 cloak (worn)
 s - a +0 buckler (worn)
 t - a +0 shield
Jewellery
 p - a +5 ring of evasion {unknown}
Scrolls
 e - 3 scrolls of magic mapping {unknown}
 g - a scroll of noise {unknown}
 i - 2 scrolls of identify {unknown}
 j - 4 scrolls of teleportation {unknown}
 m - 2 scrolls of remove curse {unknown}
 n - a scroll of blinking {unknown}
 u - a scroll of enchant weapon {unknown}
 v - 3 scrolls of amnesia {unknown}
Potions
 h - 2 potions of haste {unknown}
 k - a potion of flight {unknown}
 o - a potion of degeneration {unknown}
 q - 2 potions of curing {unknown}
 r - a potion of brilliance {unknown}
 w - a potion of heal wounds {unknown}
Comestibles
 f - 7 rations


   Skills:
 + Level 2.9 Fighting
 * Level 5.2 Maces & Flails
 - Level 1.7 Throwing
 + Level 2.0 Armour
 + Level 3.0 Dodging


You had 4 spell levels left.
You didn't know any spells.

Dungeon Overview and Level Annotations

Branches:
Dungeon (5/15)
 Temple: D:4-7

Altars:
Kikubaaqudgha

Annotations:
D:4 Syneil's ghost, novice GnWn


Innate Abilities, Weirdness & Mutations

You are resistant to torment.
Your stone body is resilient. (AC +4)
You are immune to poison.
You resist negative energy. (rN+)
You are resistant to electric shocks. (rElec)
You can survive without breathing.
You are immune to petrification.
You are immune to rotting.


Message History

The giant cockroach bites you but does no damage.
Found a sedimented ruby potion.
The giant cockroach closely misses you. The giant cockroach closely misses you.
The giant cockroach closely misses you.
Found a scroll labeled FUIMIROJAN.
You see here a scroll labeled FUIMIROJAN.
A ball python comes into view.
You block the ball python's attack. The ball python barely misses you.
The giant cockroach misses you.
You closely miss the ball python. You block the ball python's attack.
The ball python grabs you. The ball python constricts you.
The giant cockroach closely misses you. The gnoll misses you.
You barely miss the ball python. The ball python barely misses you.
The ball python constricts you. The giant cockroach barely misses you.
The gnoll hits you from afar with a spear.
* * * LOW HITPOINT WARNING * * *
You barely miss the ball python. The ball python bites you.
* * * LOW HITPOINT WARNING * * *
You die...

#....gg### #g#
#.5g........
####...# #.#
#.#####.#### #...#
#.# #.# #.#
#5.<#####.###.## #.#
5....s........##.s.#
#.#
#####.#............#
#.# #.......####...#
#.# #######S# #####
#.# #@# #.# #s# #5#
#g# #g# #g###### #g#
#.5.g..# #.#
######g######.####
#..g.g5....!.
########..... ######


You could see 2 gnolls, a shadow imp, a giant cockroach and a ball python.

Vanquished Creatures
  A bullfrog skeleton (D:4)
  Jessica (D:2)
  5 gnolls
  3 adders
  2 oozes
  An adder skeleton (D:4)
  3 worms
  A dart slug (D:1)
  3 leopard geckos
  An orc (D:3)
  10 goblins
  5 hobgoblins
  2 jackals (D:2)
  7 bats
  3 frilled lizards
  7 kobolds
  2 rats
57 creatures vanquished.

Vanquished Creatures (others)
  A human (D:3)
1 creature vanquished.

Grand Total: 58 creatures vanquished

Notes
Turn   | Place    | Note
-------+----------+-------------------------------------------
     0 | D:1      | Suckerboh the Gargoyle Gladiator began the quest for the Orb.
     0 | D:1      | Reached XP level 1. HP: 12/12 MP: 1/1
   322 | D:1      | Reached XP level 2. HP: 18/18 MP: 2/2
  1061 | D:2      | Reached XP level 3. HP: 18/22 MP: 3/3
  1431 | D:2      | Reached skill level 4 in Maces & Flails
  1431 | D:2      | Reached skill level 1 in Armour
  1434 | D:2      | Reached XP level 4. HP: 26/27 MP: 4/4
  1573 | D:2      | Noticed Jessica
  1593 | D:2      | Killed Jessica
  2025 | D:3      | Reached XP level 5. HP: 27/31 MP: 5/5
  2733 | D:3      | Reached skill level 5 in Maces & Flails
  2846 | D:3      | Found an ancient bone altar of Kikubaaqudgha.
  2847 | D:3      | Noticed a human
  2849 | D:3      | Killed a human
  2985 | D:4      | Noticed Syneil's ghost (novice GnWn)
  3369 | D:5      | Entered Level 5 of the Dungeon
  3410 | D:5      | HP: 1/32 [gnoll (6)]
  3442 | D:5      | HP: 1/32 [ball python (1)]
  3442 | D:5      | Slain by a ball python

Skill      XL: |  1  2  3  4  5 |
---------------+----------------+-----
Maces & Flails | 4 5 |  5.2
Armour         | 1 2 |  2.0
Dodging        | 3 |  3.0
Fighting       | |  2.9
Throwing       | |  1.7

Action                   |  1- 3 |  4- 6 || total
-------------------------+-------+-------++-------
Melee: Flail             |   128 |   116 ||   244
 Stab: Sleeping          |     1 |       ||     1
  Eat: Chunk             |     2 |     4 ||     6
       Ration            |       |     1 ||     1
Armor: Leather armour    |    76 |    51 ||   127
Dodge: Dodged            |   125 |   109 ||   234
Block: Buckler           |       |     8 ||     8
